Map: Ulrena

Players

Mugiwara - Winner!

  • Race: Protoss Protoss
  • League: Diamond

LilDicky

  • Race: Terran Terran
  • League: Diamond

VOD

http://www.twitch.tv/tumescentpie

Description

Time

  • Played on: Dec. 8, 2015, 10:40 p.m.
  • Length: 5:59
Show
View Real Time Build Order
Export as new Build Order

Mugiwara Protoss - Winner!

Build Orders: 1 Gate Expand 

Get SALT Encoding   

  12  0:01  Probe (Chrono Boost)  
  13  0:11  Probe (Chrono Boost)  
  14  0:17  Pylon  
  14  0:22  Probe (Chrono Boost)  
  15  0:36  Probe (Chrono Boost)  
  16  0:42  Gateway  
  16  0:46  Probe (Chrono Boost)  
  17  0:50  Assimilator  
  18  0:57  Probe (Chrono Boost)  
  18  1:07  Probe (Chrono Boost)  
  19  1:29  Nexus  
  19  1:35  Cybernetics Core  
  19  1:40  Assimilator  
  19  1:44  Probe (Chrono Boost)  
  20  1:55  Pylon  
  20  2:03  Zealot (Chrono Boost)  
  23  2:13  Mothership Core (Chrono Boost)  
  24  2:19  Warp Gate (Chrono Boost)  
  24  2:26  Gateway  
  24  2:41  Probe, Robotics Facility  
  24  2:42  Probe  
  26  2:54  Stalker  
  26  2:57  Probe  
  28  3:00  Probe  
  30  3:09  Mothership Core  
  30  3:25  Gateway, Probe  
  31  3:27  Pylon  
  31  3:31  Pylon  
  31  3:52  Probe  
  31  3:59  Pylon  
  31  4:05  Warp Prism (Chrono Boost)  
  31  4:06  Gateway  
  33  4:13  Stalker  
  33  4:15  Adept  
  37  4:20  Probe  
  38  4:28  Probe  
  39  4:34  Adept  
  39  5:01  Probe  
  39  5:04  Pylon  
  39  5:07  Immortal (Chrono Boost)  
  44  5:11  Adept x4  
  37  5:36  Adept x4  
  42  5:57  Stalker x2  
Show
View Real Time Build Order
Export as new Build Order

LilDicky Terran 

Build Orders: MMM Bio 

Get SALT Encoding   

  12  0:02  SCV  
  13  0:14  SCV  
  13  0:19  Supply Depot  
  14  0:27  SCV  
  15  0:40  SCV  
  15  0:41  Refinery  
  16  0:44  Barracks  
  16  0:53  SCV  
  17  1:05  SCV  
  18  1:17  SCV  
  19  1:23  Supply Depot  
  19  1:32  Marine  
  21  1:36  Orbital Command  
  21  1:38  Barracks  
  20  1:49  Barracks  
  20  1:56  Barracks Reactor  
  21  2:01  SCV  
  21  2:13  SCV  
  22  2:25  SCV  
  24  2:30  Barracks Tech Lab  
  24  2:32  Marine x2  
  25  2:37  SCV, Barracks  
  25  2:38  Barracks Tech Lab  
  25  2:43  Supply Depot  
  26  2:50  Stimpack, Marine x3  
  29  2:55  SCV  
  30  3:01  Combat Shields  
  30  3:08  SCV  
  30  3:12  Marine x2  
  31  3:18  Marauder  
  31  3:19  Marauder  
  36  3:21  SCV  
  37  3:30  Marine x2  
  39  3:36  Supply Depot, Barracks Reactor  
  39  3:40  Marine  
  39  3:44  Marine  
  39  3:48  Marine  
  38  3:54  Marine  
  39  3:57  SCV  
  39  3:58  Marine  
  39  4:02  Marine  
  42  4:09  SCV  
  43  4:16  Marine, Marauder  
  43  4:17  Marine  
  46  4:19  Concussive Shells  
  46  4:22  Marine x2  
  46  4:23  SCV, Marauder  
  52  4:34  Marine x2  
  45  4:51  Marine  
  45  4:52  Marauder x2, Marine x3  
  49  4:54  SCV  
  51  5:06  SCV  
  52  5:09  Marine  
  52  5:10  Marine x2  
  35  5:28  Marine  
  35  5:29  Marine x3  
  35  5:34  Marine x2  
Tags
 
Add a new tag
Caveats
  • Supply blocks, unpowered buildings, or Contaminate may cause inaccurate times.
  • Supply counts are checked every 10 seconds.